Map: Eternal Empire LE

Players

BewwyCwuncH - Winner!

  • Race: Terran Terran
  • League: Grandmaster
  • Spawn Location: 1:00

scrambles

  • Race: Protoss Protoss
  • League: Master
  • Spawn Location: 7:00

VOD

Have the link to the VOD?

Description

Time

  • Played on: Jan. 26, 2020, 5:21 a.m.
  • Length: 11:33
Show
View Real Time Build Order
Export as new Build Order

BewwyCwuncH Terran - Winner!

Build Orders: Gas First Reaper Expand 

Get SALT Encoding   

  12  0:00  SCV  
  13  0:13  SCV  
  14  0:17  Supply Depot  
  14  0:25  SCV  
  15  0:31  Refinery  
  15  0:39  SCV  
  16  0:45  Barracks  
  16  0:51  SCV  
  17  1:03  SCV  
  18  1:15  SCV  
  19  1:32  Reaper, Orbital Command  
  20  1:45  Command Center  
  20  1:58  SCV, Factory  
  21  2:08  Barracks Reactor  
  21  2:11  SCV  
  21  2:15  Supply Depot  
  22  2:21  Refinery  
  22  2:23  SCV  
  23  2:37  SCV  
  24  2:44  Marine x2  
  24  2:46  Starport  
  24  2:49  SCV  
  24  2:50  Factory Tech Lab  
  27  3:00  Orbital Command  
  27  3:01  SCV  
  27  3:02  Marine x2  
  30  3:13  SCV  
  30  3:16  Siege Tank  
  34  3:20  Marine x2  
  34  3:25  SCV  
  34  3:26  SCV  
  38  3:29  Viking  
  40  3:35  Supply Depot  
  40  3:41  Marine  
  40  3:42  Marine  
  40  3:43  SCV  
  40  3:44  SCV  
  44  3:55  SCV  
  45  3:56  SCV  
  45  3:57  Supply Depot, Siege Tank  
  45  3:58  Refinery  
  45  4:01  Marine x2  
  51  4:08  Viking  
  53  4:19  SCV, Marine x2  
  53  4:20  SCV  
  57  4:30  Supply Depot  
  57  4:36  SCV  
  57  4:37  Marine x2  
  57  4:38  SCV  
  61  4:42  Factory Reactor  
  61  4:44  Supply Depot  
  61  4:48  SCV  
  61  4:51  Liberator  
  61  4:52  SCV  
  62  5:12  SCV x2  
  64  5:18  Barracks x2  
  63  5:22  Bunker  
  63  5:23  Bunker  
  63  5:24  SCV x2  
  65  5:29  Stimpack, Bunker, Marine  
  66  5:36  SCV  
  66  5:37  SCV  
  66  5:38  Factory Reactor  
  68  5:46  Starport Reactor  
  68  5:47  Marine  
  68  5:48  SCV  
  70  5:50  Bunker  
  64  6:05  Marauder  
  64  6:10  SCV  
  64  6:20  Marine x2  
  64  6:22  Widow Mine, Liberator  
  64  6:23  Widow Mine, Liberator  
  64  6:25  SCV x2  
  71  6:26  Marauder  
  71  6:29  Command Center  
  69  6:36  Marine x2  
  69  6:37  SCV x2  
  70  6:42  Barracks  
  70  6:43  Barracks  
  70  6:48  Widow Mine  
  70  6:52  Marauder, Marine x2  
  70  6:53  Marine  
  77  6:55  Supply Depot  
  77  6:57  SCV, Engineering Bay x2  
  78  7:01  Bunker  
  78  7:02  Refinery  
  78  7:05  Supply Depot  
  78  7:16  Marine x4  
  78  7:17  SCV x2, Marauder  
  86  7:27  Widow Mine x2  
  86  7:28  Terran Infantry Weapons Level 1, Terran Infantry Armor Level 1  
  86  7:29  SCV x2, Medivac  
  94  7:35  Barracks Tech Lab  
  94  7:39  Supply Depot  
  94  7:41  SCV x2, Orbital Command  
  94  7:43  Barracks Reactor  
  96  7:44  Marauder, Marine  
  99  7:52  Supply Depot  
  99  7:53  SCV x2  
  99  7:57  Marauder, Marine  
  104  8:00  Combat Shield  
  104  8:05  SCV  
  102  8:07  Widow Mine x2  
  102  8:11  Marauder, Marine x3  
  102  8:12  Medivac  
  113  8:18  SCV  
  104  8:26  Orbital Command  
  103  8:27  Marauder, Marine  
  103  8:28  Widow Mine x2  
  103  8:29  Medivac  
  103  8:32  SCV x2  
  103  8:33  Marauder  
  118  8:41  Marine  
  118  8:42  Medivac, Marine x2  
  118  8:43  Refinery  
  118  8:44  SCV x2  
  118  8:47  Refinery  
  123  8:49  Starport, Barracks Tech Lab  
  123  8:55  SCV  
  124  9:00  SCV  
  125  9:20  Supply Depot, Marine x3  
  125  9:21  SCV x2, Widow Mine x2  
  125  9:23  Supply Depot  
  125  9:24  Supply Depot  
  133  9:25  Marine  
  133  9:26  SCV  
  133  9:29  Armory  
  133  9:42  SCV x2, Medivac x2, Marine x2  
  133  9:44  Supply Depot  
  133  9:45  Supply Depot x2, Widow Mine x2, Medivac, Liberator, Marauder x2, Marine x2  
  156  9:46  Concussive Shells  
  156  9:54  Supply Depot  
  156  9:55  SCV  
  156  9:56  Supply Depot  
  157  10:05  SCV x2  
  157  10:06  Supply Depot, Marauder  
  161  10:07  Supply Depot x2  
  161  10:08  Widow Mine x2  
  161  10:11  Marauder x2, Marine x4, Liberator  
  148  10:30  Widow Mine x2  
  148  10:31  Marine x3  
  148  10:32  Marauder x2, Marine  
  148  10:35  SCV x2  
  162  10:39  Command Center  
  162  10:40  Liberator  
  165  10:58  Widow Mine x2  
  165  11:00  Marauder x2, Marine x2  
  171  11:10  Marauder  
  153  11:11  Marine x2  
  151  11:24  Fusion Core  
Show
View Real Time Build Order
Export as new Build Order

scrambles Protoss 

Build Orders: 1 Gate Expand, Blink Stalkers 

Get SALT Encoding   

  12  0:00  Probe  
  13  0:12  Probe  
  14  0:17  Pylon  
  14  0:24  Probe  
  15  0:35  Gateway  
  15  0:37  Probe (Chrono Boost)  
  16  0:47  Probe (Chrono Boost), Assimilator  
  17  0:52  Probe (Chrono Boost)  
  18  1:03  Probe  
  19  1:15  Probe  
  20  1:24  Nexus  
  20  1:36  Cybernetics Core  
  20  1:40  Probe  
  21  1:49  Pylon  
  21  1:52  Probe  
  22  1:57  Assimilator  
  22  2:05  Probe  
  23  2:09  Stalker (Chrono Boost)  
  23  2:12  Warp Gate  
  25  2:17  Probe (Chrono Boost)  
  26  2:24  Twilight Council  
  26  2:29  Probe (Chrono Boost)  
  26  2:34  Stalker  
  28  2:38  Probe (Chrono Boost)  
  28  2:41  Probe (Chrono Boost)  
  30  2:51  Probe x2 (Chrono Boost)  
  32  2:56  Probe (Chrono Boost)  
  32  2:58  Probe, Blink (Chrono Boost)  
  34  3:08  Probe  
  34  3:10  Probe  
  36  3:17  Stalker  
  38  3:20  Probe  
  38  3:22  Probe  
  38  3:26  Gateway  
  40  3:32  Probe  
  41  3:34  Probe  
  42  3:44  Probe  
  42  3:46  Probe, Robotics Facility  
  44  3:51  Pylon  
  44  3:56  Probe  
  44  4:00  Probe  
  46  4:03  Nexus  
  46  4:09  Probe  
  47  4:10  Gateway  
  47  4:12  Probe  
  48  4:20  Stalker  
  48  4:21  Probe  
  51  4:25  Probe  
  51  4:29  Stalker  
  51  4:30  Pylon  
  54  4:34  Assimilator  
  54  4:36  Forge  
  54  4:40  Pylon  
  54  4:43  Charge (Chrono Boost)  
  54  4:48  Probe x2, Observer  
  54  4:49  Stalker  
  59  4:58  Stalker  
  61  5:04  Gateway  
  61  5:08  Zealot  
  61  5:11  Gateway  
  61  5:13  Gateway  
  63  5:14  Gateway  
  63  5:21  Zealot  
  63  5:22  Zealot  
  63  5:25  Pylon  
  67  5:34  Stalker  
  65  5:44  Gateway  
  65  5:48  Zealot  
  48  6:04  Zealot x2  
  48  6:08  Stalker  
  48  6:09  Zealot x3  
  41  6:38  Nexus  
  41  6:39  Probe x2  
  43  6:48  Protoss Ground Armor Level 1 (Chrono Boost)  
  43  6:51  Probe x2 (Chrono Boost)  
  43  6:52  Stalker  
  47  6:58  Stalker  
  50  7:03  Probe x2 (Chrono Boost)  
  50  7:08  Probe x2 (Chrono Boost)  
  53  7:17  Probe  
  53  7:18  Probe  
  53  7:21  Sentry  
  53  7:22  Zealot x2  
  61  7:28  Forge  
  61  7:29  Probe  
  62  7:30  Probe  
  62  7:34  Zealot  
  63  7:38  Stalker  
  63  7:45  Stalker  
  63  7:47  Probe  
  66  7:56  Stalker  
  68  8:03  Probe x2  
  68  8:04  Probe  
  70  8:15  Probe x2, Protoss Ground Weapons Level 1 (Chrono Boost)  
  70  8:16  Probe  
  70  8:17  Zealot x2  
  77  8:27  Probe  
  77  8:29  Zealot x3  
  77  8:33  Pylon  
  84  8:34  Pylon  
  84  8:39  Observer  
  84  8:44  Pylon  
  84  8:45  Probe (Chrono Boost)  
  84  8:47  Pylon  
  85  8:52  Probe (Chrono Boost)  
  87  8:56  Probe (Chrono Boost)  
  87  8:59  Nexus  
  87  9:01  Probe (Chrono Boost)  
  87  9:02  Probe (Chrono Boost)  
  89  9:06  Zealot x3  
  89  9:08  Observer  
  96  9:10  Probe  
  96  9:11  Probe  
  96  9:14  Protoss Ground Armor Level 2 (Chrono Boost)  
  96  9:16  Probe  
  99  9:22  Probe  
  99  9:23  Probe  
  101  9:28  Probe  
  102  9:32  Zealot x2  
  102  9:33  Zealot x3  
  102  9:37  Pylon  
  112  9:38  Probe  
  112  9:40  Probe  
  112  9:44  Pylon  
  112  9:47  Zealot x2  
  112  9:51  Pylon  
  116  9:58  Zealot x4  
  124  10:16  Zealot x3  
  130  10:25  Probe  
  109  10:31  Stalker x4  
  109  10:33  Probe  
  109  10:34  Probe  
  117  10:36  Probe  
  117  10:39  Probe  
  117  10:40  Zealot x3  
  125  10:45  Probe  
  125  10:46  Gateway  
  125  10:47  Probe  
  127  10:50  Gateway  
  127  10:56  Zealot x4  
  135  10:58  Probe  
  130  11:09  Zealot x3  
  78  11:21  Zealot x2  
  78  11:22  Zealot x2  
Tags
 
Add a new tag
Caveats
  • Supply blocks, unpowered buildings, or Contaminate may cause inaccurate times.
  • Supply counts are checked every 10 seconds.